 Dungeon Crawl Stone Soup version 0.30.1 (webtiles) character file.

Game seed: 8346393314657932950

905 Heoruswealwe the Thaumaturge (level 7, 0/36 HPs)
             Began as a Deep Elf Conjurer on July 13, 2023.
             Slain by a sleepcap (7 damage)
             ... on level 6 of the Dungeon.
             The game lasted 00:41:25 (3712 turns).

Heoruswealwe the Thaumaturge (Deep Elf Conjurer)    Turns: 3712, Time: 00:41:25

Health: 0/36       AC:  3    Str:  4    XL:     7   Next: 80%
Magic:  15/21      EV: 12    Int: 25    God:
Gold:   409        SH:  0    Dex: 13    Spells: 8/23 levels left

rFire   . . .        b - +0 battleaxe
rCold   . . .        (shield currently unavailable)
rNeg    . . .        c - +0 robe
rPois   .            (no helmet)
rElec   .            (no cloak)
rCorr   .            f - +0 pair of gloves
SInv    .            (no boots)
Will    +....        (no amulet)
Stlth   ++           k - ring of willpower
HPRegen 0.26/turn    (no ring)
MPRegen 0.17/turn

%: no passive effects
@: no status effects
A: no striking features
a: no special abilities


You were on level 6 of the Dungeon.
You visited 1 branch of the dungeon, and saw 6 of its levels.

You collected 409 gold pieces.

Inventory:

Hand Weapons
 b - a +0 battleaxe (weapon)
Armour
 c - a +0 robe (worn)
 e - a +0 robe
 f - a +0 pair of gloves (worn)
 q - quicksilver dragon scales
Jewellery
 k - a ring of willpower (left hand)
Wands
 o - a wand of paralysis (9)
Scrolls
 a - 2 scrolls of enchant weapon
 m - a scroll of teleportation {unknown}
 r - a scroll of amnesia
 v - 2 scrolls of enchant armour {unknown}
 w - a scroll of poison {unknown}
Potions
 d - 3 potions of brilliance {unknown}
 g - a potion of ambrosia {unknown}
 h - 5 potions of curing {unknown}
 i - 2 potions of mutation {unknown}
 j - 2 potions of attraction {unknown}
 l - a potion of haste
 n - 2 potions of heal wounds
 p - 2 potions of flight
 s - a potion of invisibility {unknown}
 t - 2 potions of magic
 u - a potion of might


   Skills:
 - Level 2.4 Dodging
 - Level 2.4 Stealth
 + Level 8.8 Spellcasting
 + Level 8.2 Conjurations


You had 8 spell levels left.
You knew the following spells:

 Your Spells              Type           Power      Damage    Failure   Level
a - Magic Dart            Conj           100%       1d8       1%          1
b - Kiss of Death         Conj/Necr      100%       2d13      1%          1
c - Searing Ray           Conj           100%       2d8       1%          2
d - Dazzling Flash        Conj/Hex       62%        N/A       3%          3
e - Fulminant Prism       Conj/Hex       15%        3d11      10%         4
f - Iskenderun's Mystic   Conj/Tloc      31%        2d8       10%         4

Your spell library contained the following spells:

 Spells                   Type           Power      Damage    Failure   Level
 Confusing Touch          Hex            11%        N/A       17%         3
 Summon Guardian Golem    Hex/Summ       11%        N/A       17%         3
 Dispel Undead            Necr           11%        3d9       50%         4
 Orb of Destruction       Conj           25%        9d9       85%         7
 Spellforged Servitor     Conj/Summ      15%        N/A       100%        7


Dungeon Overview and Level Annotations

Branches:
Dungeon (6/15)
 Temple: D:4-7

Altars:
Gozag
Wu Jian
The Shining One

Shops:
D:5 :

Annotations:
D:6 Dowan, Duvessa


Message History

You slide downwards.
The hatch slams shut behind you.
Level annotation: Dowan, Duvessa
Casting: Searing Ray (safe; 1% risk of failure)
Confirm with . or Enter, or press ? or * to list all spells.
Aiming: Searing Ray (safe; 1% risk of failure)
Press: ? - help, Shift-Dir - straight line, f - sleepcap
Aim: a sleepcap (wandering, hasn't noticed you, 100% to hit)
The searing ray hits the sleepcap.
The sleepcap is moderately damaged. (Press . to maintain the ray.)
The searing ray hits the sleepcap!
The sleepcap is severely damaged.
The sleepcap closely misses you.
The searing ray hits the sleepcap.
The sleepcap is severely damaged.
The sleepcap barely misses you.
The searing ray hits the sleepcap.
The sleepcap is severely damaged.
You finish channelling your searing ray.
The sleepcap closely misses you. The sleepcap releases spores at you.
The sleepcap barely misses you.
Casting: Searing Ray (safe; 1% risk of failure)
Confirm with . or Enter, or press ? or * to list all spells.
Aiming: Searing Ray (safe; 1% risk of failure)
Press: ? - help, Shift-Dir - straight line, f/p - sleepcap
Aim: a sleepcap (severely damaged, 100% to hit)
The searing ray hits the sleepcap but does no damage.
The sleepcap is severely damaged. (Press . to maintain the ray.)
The sleepcap releases spores at you!
You are engulfed in a cloud of soporific spores!
You fall asleep.
The sleepcap releases spores at you!!
You wake up.
Ouch! That really hurt!
* * * LOW HITPOINT WARNING * * *
You are engulfed in a cloud of soporific spores!
You are unaffected.
The sleepcap releases spores at you!
You die...

.# ## .###
..###... .....#
###....#### .
.......... .
###....# #.
#......# #.
#.#.@..#
#s##.#..f.#
..###..#.#....#
..e....<<##.###
##...##e###.#
........# #.#
..............#
.####.....>..##
.......##.#


You could see a sleepcap.

Vanquished Creatures
  Grinder (D:6)
  Menkaure (D:4)
  The ghost of aloneDruid the Stinger, an amateur OpVM (D:3)
  Blork the orc (D:4)
  A bullfrog (D:6)
  A scorpion (D:4)
  2 orc priests (D:3)
  A hound (D:5)
  A sleepcap (D:5)
  Terence (D:2)
  3 iguanas
  An orc wizard (D:3)
  3 adders
  An ufetubus (D:5)
  3 worms
  A dart slug (D:2)
  15 orcs
  6 ball pythons
  2 endoplasms
  3 giant cockroaches
  5 goblins
  5 hobgoblins
  7 jackals (D:1)
  2 quokkas (D:3)
  2 bats (D:2)
  2 frilled lizards
  9 kobolds
  8 rats
89 creatures vanquished.

Notes
Turn   | Place    | Note
-------+----------+-------------------------------------------
     0 | D:1      | Heoruswealwe the Deep Elf Conjurer began the quest for the
                  | Orb.
     0 | D:1      | Reached XP level 1. HP: 10/10 MP: 6/6
   148 | D:1      | Reached XP level 2. HP: 11/15 MP: 4/8
   155 | D:1      | Learned a level 2 spell: Searing Ray
   709 | D:2      | Reached skill level 5 in Conjurations
   709 | D:2      | Reached XP level 3. HP: 16/19 MP: 0/10
   713 | D:2      | Learned a level 3 spell: Dazzling Flash
   878 | D:2      | Noticed Terence
   885 | D:2      | Killed Terence
  1062 | D:2      | Reached XP level 4. HP: 20/24 MP: 7/12
  1067 | D:2      | Learned a level 4 spell: Fulminant Prism
  1281 | D:3      | Learned a level 1 spell: Kiss of Death
  1348 | D:3      | Reached skill level 5 in Spellcasting
  1551 | D:3      | Reached XP level 5. HP: 28/28 MP: 9/14
  1579 | D:3      | Learned a level 4 spell: Iskenderun's Mystic Blast
  1776 | D:3      | Found a glowing golden altar of the Shining One.
  1776 | D:3      | Found an ornate altar of the Wu Jian Council.
  1776 | D:3      | Found an opulent altar of Gozag.
  1978 | D:3      | Found a runed translucent gate.
  1978 | D:3      | Found a runed translucent gate.
  1978 | D:3      | Found an opulent altar of Gozag.
  1979 | D:3      | Found a runed translucent gate.
  1981 | D:3      | Noticed aloneDruid's ghost (amateur OpVM)
  1997 | D:3      | Killed aloneDruid's ghost
  1998 | D:3      | Reached XP level 6. HP: 25/32 MP: 6/17
  2328 | D:4      | You fall into a shaft and drop 1 floor!
  2328 | D:5      | Entered Level 5 of the Dungeon
  2398 | D:5      | Found Pinewam's Book Shoppe.
  2939 | D:4      | Noticed Menkaure
  2943 | D:4      | Noticed Blork the orc
  2946 | D:4      | Killed Menkaure
  2947 | D:4      | Reached XP level 7. HP: 19/36 MP: 13/20
  2949 | D:4      | Killed Blork the orc
  3567 | D:6      | Noticed Grinder
  3571 | D:6      | Noticed Duvessa
  3577 | D:6      | Killed Grinder
  3578 | D:6      | Noticed Dowan
  3712 | D:6      | Slain by a sleepcap

Illustrated notes

Levels and vault maps discovered:
D:1:      dpeg_arrival_orchard, layout_basic, serial_rivers,
          chequers_serial_rivers_micro_c, chequers_serial_rivers_room_a,
          chequers_serial_rivers_micro_c, chequers_serial_rivers_micro_d,
          chequers_serial_rivers_micro_e, chequers_serial_rivers_large_a,
          minmay_tromino_v4_a
D:2:      layout_basic, uniq_terence
D:3:      cheibrodos_pilgrimage, layout_loops_ring,
          gammafunk_temple_overflow_claw, ebering_ghost_gozag, minivault_19
D:4:      layout_cave_pools, uniq_blork_the_orc, uniq_menkaure
D:5:      layout_cave_pools, serial_shops, nicolae_take_the_stairs,
          item_on_display_a
D:6:      layout_rooms, gammafunk_temple_overflow_forgotten,
          minmay_temple_entry_hall, gammafunk_ghost_gnarly_gnolls, uniq_maggie,
          uniq_duvessa, uniq_grinder

Skill      XL: |  1  2  3  4  5  6  7 |
---------------+----------------------+-----
Spellcasting   | 4 5 6 7 8 |  8.8
Conjurations   | 5 6 7 8 |  8.2
Dodging        | |  2.4
Stealth        | |  2.4

Action                     |  1- 3 |  4- 6 |  7- 9 || total
---------------------------+-------+-------+-------++-------
  Melee: Unarmed           |     9 |       |       ||     9
         Battleaxe         |     1 |     5 |       ||     6
   Cast: Magic Dart        |    61 |    70 |    12 ||   143
         Searing Ray       |     2 |    10 |    10 ||    22
    Use: Potion            |     1 |     1 |       ||     2
         Scroll            |       |     8 |       ||     8
 Armour: Robe              |     4 |     3 |       ||     7
  Dodge: Dodged            |    18 |    14 |     7 ||    39
